 Dungeon Crawl Stone Soup version 0.32-a0-433-g08bcfe7efd (webtiles) character file.

Game seed: 5703692195722613057

807 LobsterGuardian the Insei (level 7, -7/44 HPs)
             Began as an Octopode Shapeshifter on Feb 23, 2024.
             Was an Initiate of Hepliaklqana.
             Mangled by an ogre
             ... wielding a +0 giant club
              (20 damage)
             ... on level 6 of the Dungeon.
             The game lasted 00:13:04 (3889 turns).

LobsterGuardian the Insei (Octopode Shapeshifter)   Turns: 3889, Time: 00:13:04

Health: -7/44      AC:  1    Str: 13    XL:     7   Next: 92%
Magic:  7/7        EV: 14    Int: 13    God:    Hepliaklqana [......]
Gold:   203        SH:  0    Dex: 13    Spells: 6/6 levels left

rFire   + +          .
                       - Unarmed
rCold   . . .        (no shield)
rNeg    . . .        (helmet currently unavailable)
rPois   .            (no amulet)
rElec   .            s - ring of protection from fire
rCorr   .            q - ring of protection from fire
SInv    .            (no ring)
Will    .....        (no ring)
Stlth   ++++         (no ring)
HPRegen 0.27/turn    (no ring)
MPRegen 0.10/turn    (no ring)
                     (no ring)

%: no passive effects
@: beast-form
A: beast (slay +2), almost no armour, amphibious, 8 rings, camouflage 1,
gelatinous body 1, (nimble swimmer 1), tentacles
a: Begin Untransformation, Renounce Religion


You were on level 6 of the Dungeon.
You worshipped Hepliaklqana.
Hepliaklqana was noncommittal.
You were a hulking beast.
You visited 2 branches of the dungeon, and saw 7 of its levels.

You collected 203 gold pieces.

Inventory:

Jewellery
 q - a ring of protection from fire (right tentacle)
 s - a ring of protection from fire (left tentacle)
Talismans
 b - a beast talisman (active)
 c - a flux talisman
Scrolls
 k - a scroll of immolation
 m - a scroll of blinking
 o - a scroll of enchant weapon
 p - a scroll of teleportation
Potions
 a - a potion of lignification
 d - a potion of brilliance
 e - 3 potions of degeneration {unknown}
 f - a potion of mutation {unknown}
 g - a potion of curing
 i - a potion of ambrosia
 l - a potion of attraction
 r - a potion of heal wounds


   Skills:
 + Level 1.9 Fighting
 + Level 3.2 Dodging
 - Level 5.0 Stealth
 * Level 6.7 Unarmed Combat
 * Level 0.1 Invocations
 * Level 4.4 Shapeshifting


You had 6 spell levels left.
You didn't know any spells.
Your spell library contained the following spells:

 Spells                   Type           Power      Damage    Failure   Level
 Magic Dart               Conj           0%         1d3       30%         1
 Blink                    Tloc           0%         N/A       43%         2
 Call Imp                 Summ           0%         N/A       43%         2


Dungeon Overview and Level Annotations

Branches:
Dungeon (6/15)             Temple (1/1) D:5

Altars:
Ashenzari
Cheibriados
Dithmenos
Elyvilon
Gozag
Hepliaklqana
Kikubaaqudgha
Makhleb
Nemelex Xobeh
Okawaru
Qazlal
Ru
Sif Muna
Trog
Vehumet
Wu Jian
Xom
Zin
The Shining One

Shops:
D:4 (   D:5 ?

Annotations:
D:3 2 transporters


Innate Abilities, Weirdness & Mutations

You are a hulking beast.
Your limbs bulge with bestial killing power. (Slay +2)
You cannot wear most types of armour.
You are amphibious.
You can wear up to eight rings at the same time.
Your skin changes colour to match your surroundings (Stealth+).
Your rubbery body absorbs attacks. (AC +1, EV +1)
((You are camouflaged when in or above water. (Stealth+)))
You have tentacles for arms and can constrict up to eight enemies at once.


Message History

As you read the scroll labelled DUCWUAMI LEIZUACI, it crumbles to dust.
A wave of despondency washes over your surroundings.
It was a scroll of vulnerability.
You open the door.
There is an open door here.
Done exploring.
Done exploring.
Done exploring.
Done exploring.
The air fills with toxic fumes!
As you read the scroll labelled CEMILIJANN, it crumbles to dust.
It was a scroll of poison.
Unknown command.
Sorry, I don't know how to get there.
You start waiting.
You feel your willpower return.
There is a stone staircase leading down here.
You climb downwards.
You hear the sound of rushing water.
There is an entrance to a sewer on this level.
Hurry and find it before the portal rusts away!
There is a stone staircase leading up here.
As you read the scroll labelled ZEEM JOHETUENI, it crumbles to dust.
Your body is wracked with pain!
It was a scroll of torment.
You hear the slow rusting of a very distant drain.
HP restored.
An ogre comes into view. It is wielding a +0 giant club.
The ogre shouts!
You bludgeon the ogre!
The ogre is moderately wounded.
You bludgeon the ogre! Your squeeze misses the ogre.
The ogre is severely wounded.
The ogre hits you with a +0 giant club!!
Ouch! That really hurt!
* * * LOW HITPOINT WARNING * * *
You are too injured to fight recklessly!
You bludgeon the ogre!
The ogre is almost dead.
The ogre hits you with a +0 giant club!!
You die...
Hepliaklqana delivers you to your ancestors.

#################
#................
#................
#................
#........hO......
#................
#..<##...###...##
########## ..# .#
+


You could see an ogre.

Vanquished Creatures
  A steam dragon (D:4)
  Duvessa (D:4)
  An ogre (D:4)
  A centaur (D:5)
  Dowan (D:4)
  4 hounds
  2 iguanas
  Robin (D:4)
  6 adders
  4 gnolls (D:3)
  3 dart slugs
  A ribbon worm (D:2)
  3 orcs
  6 bats
  9 endoplasms
  3 giant cockroaches
  7 goblins
  15 hobgoblins
  5 kobolds
  5 quokkas
  7 ball pythons
  2 frilled lizards (D:1)
  2 rats
90 creatures vanquished.

Notes
Turn   | Place    | Note
-------+----------+-------------------------------------------
     0 | D:1      | LobsterGuardian the Octopode Shapeshifter began the quest
                  | for the Orb.
     0 | D:1      | Reached XP level 1. HP: 13/13 MP: 1/1
    71 | D:1      | Found a faded altar of an unknown god.
   101 | D:1      | Reached XP level 2. HP: 18/18 MP: 2/2
   345 | D:1      | Reached skill level 1 in Stealth
   519 | D:1      | Reached XP level 3. HP: 23/23 MP: 3/3
  1098 | D:2      | Reached XP level 4. HP: 13/28 MP: 4/4
  1510 | D:3      | Found an ancient bone altar of Kikubaaqudgha.
  1629 | D:3      | Reached skill level 4 in Unarmed Combat
  1783 | D:3      | Reached XP level 5. HP: 5/33 MP: 5/5
  1933 | D:3      | Found a transporter.
  1937 | D:3      | Noticed a kobold demonologist
  1950 | D:3      | Found a transporter.
  2105 | D:3      | Identified the +1 leather armour of the Thunderstorm {rElec
                  | rCorr Str+9 Int-5}
  2404 | D:4      | Reached XP level 6. HP: 7/38 MP: 6/6
  2537 | D:4      | Noticed Robin
  2548 | D:4      | Killed Robin
  2633 | D:4      | Noticed a steam dragon
  2647 | D:4      | Killed a steam dragon
  2648 | D:4      | Reached skill level 5 in Stealth
  2648 | D:4      | Reached skill level 5 in Unarmed Combat
  2650 | D:4      | Found a burning altar of Makhleb.
  2750 | D:4      | Reached XP level 7. HP: 43/43 MP: 7/7
  2761 | D:4      | Found Napnugge's Weapon Shop.
  2832 | D:4      | Found a white marble altar of Elyvilon.
  2833 | D:4      | Found a glowing golden altar of the Shining One.
  2865 | D:4      | Noticed Duvessa
  2866 | D:4      | Noticed Dowan
  2905 | D:4      | Killed Duvessa
  2906 | D:4      | Reached skill level 6 in Unarmed Combat
  2909 | D:4      | Killed Dowan
  3114 | D:5      | Entered Level 5 of the Dungeon
  3311 | D:5      | Found a staircase to the Ecumenical Temple.
  3411 | Temple   | Entered the Ecumenical Temple
  3430 | Temple   | Became a worshipper of Hepliaklqana the Forgotten
  3748 | D:5      | Found Elawk's Magic Scroll Shoppe.
  3889 | D:6      | Mangled by an ogre

Illustrated notes

Levels and vault maps discovered:
D:1:      spicycebolla_arrival_clurvy, layout_basic,
          shapermc_ecumenical_altar_totnotflames, minmay_misc_feat_four_crosses,
          minmay_small_reverse_x
D:2:      layout_basic
D:3:      gammafunk_wand_slinger, layout_basic, amcnicky_altar_gilded,
          minmay_hedge_maze
D:4:      layout_cave_pools, gammafunk_temple_overflow_forgotten, serial_shops,
          shop, hex_medium, uniq_robin, uniq_duvessa
D:5:      layout_rooms, minmay_temple_entry_nine_rooms, serial_shops,
          nicolae_shop_behind_doors, minmay_liquid_box
D:6:      layout_gridville, portal_sewer_entry_a, kennysheep_small_circle
Temple:   regret_index_temple_waves

Skill      XL: |  1  2  3  4  5  6  7 |
---------------+----------------------+-----
Stealth        | 1 2 3 4 5 |  5.0
Unarmed Combat | 4 5 6 |  6.7
Shapeshifting  | 4 |  4.4
Dodging        | 3 |  3.2
Fighting       | |  1.9
Invocations    | |  0.1

Action                     |  1- 3 |  4- 6 |  7- 9 || total
---------------------------+-------+-------+-------++-------
  Melee: Unarmed           |    56 |   109 |    29 ||   194
         Constrict         |     9 |    27 |     7 ||    43
         Tentacles         |     6 |    20 |     9 ||    35
         Punch             |     2 |     6 |       ||     8
    Use: Scroll            |     2 |     8 |     5 ||    15
         Potion            |       |     1 |     1 ||     2
   Stab: Sleeping          |    11 |     7 |     3 ||    21
         Invisible         |       |     4 |       ||     4
 Armour: Skin              |    17 |    53 |    15 ||    85
  Dodge: Dodged            |    29 |    85 |    18 ||   132

Table legend: (Time is in decaauts)
 A = Elapsed time spent in this place.
 B = Non-inter-level travel time spent in this place.
 C = Inter-level travel time spent in this place.
 D = Time resting spent in this place.
 E = Time spent auto-exploring this place.
 F = Levels seen in this place.
 G = Mean time per level.
                   A        B        C        D        E       F      G
               +--------+--------+--------+--------+--------+-----+--------+
         Total |   3874 |   3691 |    183 |     34 |   3082 |   7 |  553.4 |
       Dungeon |   3835 |   3690 |    145 |     34 |   3082 |   6 |  639.2 |
        Temple |     38 |      1 |     37 |      0 |      0 |   1 |   38.0 |
               +--------+--------+--------+--------+--------+-----+--------+

Top non-repeatable levels by time:
     D:4: 852 daAuts
     D:3: 822 daAuts
     D:1: 749 daAuts
     D:2: 676 daAuts
     D:5: 646 daAuts
     D:6: 87 daAuts
  Temple: 38 daAuts
